 Seeded DCSS version 0.30.1-4-g462c640d31 (webtiles) character file.

Game seed: 6351066067085065685 (custom seed)

16 Esekla the Grave Robber (level 2, 0/15 HPs)
             Began as a Deep Elf Necromancer on Sept 5, 2023.
             Was an Initiate of Vehumet.
             Slain by a goblin
             ... wielding a +0 dagger
              (3 damage)
             ... on level 2 of the Dungeon.
             The game lasted 00:04:53 (984 turns).

Esekla the Grave Robber (Deep Elf Necromancer)       Turns: 984, Time: 00:04:53

Health: 0/15       AC:  3    Str:  5    XL:     2   Next: 37%
Magic:  8/8        EV: 12    Int: 19    God:    Vehumet [......]
Gold:   115        SH:  0    Dex: 15    Spells: 6/7 levels left

rFire   . . .        c - +0 short sword
rCold   . . .        (no shield)
rNeg    . . .        a - +0 robe
rPois   .            i - +0 helmet
rElec   .            (no cloak)
rCorr   .            (no gloves)
SInv    .            (no boots)
Will    .....        (no amulet)
Stlth   ++           (no ring)
HPRegen 0.22/turn    (no ring)
MPRegen 0.11/turn

%: no passive effects
@: no status effects
A: no striking features
a: Renounce Religion


You were on level 2 of the Dungeon.
You worshipped Vehumet.
Vehumet was noncommittal.
You visited 1 branch of the dungeon, and saw 4 of its levels.

You collected 115 gold pieces.

Inventory:

Hand Weapons
 c - a +0 short sword (weapon)
Armour
 a - a +0 robe (worn)
 i - a +0 helmet (worn)
Wands
 e - a wand of roots (7)
Scrolls
 f - 2 scrolls of identify {unknown}
 k - 2 scrolls of enchant weapon {unknown}
 l - a scroll of amnesia {unknown}
 m - a scroll of enchant armour {unknown}
Potions
 b - a potion of magic
 d - a potion of ambrosia {unknown}
 g - a potion of heal wounds {unknown}
 h - a potion of curing {unknown}
 j - a potion of mutation {unknown}


   Skills:
 * Level 2.6 Dodging
 + Level 2.6 Stealth
 * Level 3.3 Spellcasting
 + Level 5.2 Necromancy


You had 6 spell levels left.
You knew the following spells:

 Your Spells              Type           Power      Damage    Failure   Level
a - Necrotise             Necr           92%        1d8       1%          1

Your spell library contained the following spells:

 Spells                   Type           Power      Damage    Failure   Level
 Vampiric Draining        Necr           23%        2d7       4%          3
 Animate Dead             Necr           23%        N/A       17%         4
 Agony                    Necr           23%        N/A       43%         5


Dungeon Overview and Level Annotations

Branches:
Dungeon (4/15)
 Temple: D:4-7

Altars:
Okawaru
Vehumet
Zin

Shops:
D:2 =   D:4 (


Message History

Vehumet accepts your kill.
You see here a bat corpse.
The helpless endoplasm fails to defend itself.
You hit the endoplasm.
The endoplasm is almost dead.
The endoplasm hits you but does no damage.
You hit the endoplasm.
You kill the endoplasm!
Vehumet accepts your kill.
You now have 108 gold pieces (gained 3).
m - a scroll labelled ISTO QEEG NIS
Found a stone staircase leading up.
You now have 111 gold pieces (gained 3).
There is a stone staircase leading up here.
You climb upwards.
Found a scroll labelled OPUZOUSOET.
There is a stone staircase leading down here.
f - 2 scrolls labelled OPUZOUSOET (gained 1)
There is a stone staircase leading down here.
You now have 115 gold pieces (gained 4).
A goblin is nearby!
The goblin hits you with a +0 dagger.
You hit the goblin but do no damage. The goblin hits you with a +0 dagger.
You hit the goblin but do no damage. The goblin hits you with a +0 dagger.
You barely miss the goblin. The goblin hits you with a +0 dagger.
You closely miss the goblin. The goblin closely misses you.
You hit the goblin.
The goblin is heavily wounded.
The goblin hits you with a +0 dagger.
You hit the goblin.
The goblin is severely wounded.
The goblin hits you with a +0 dagger.
* * * LOW HITPOINT WARNING * * *
You hit the goblin but do no damage.
The goblin is severely wounded.
The goblin completely misses you.
You hit the goblin but do no damage.
The goblin is severely wounded.
The goblin hits you with a +0 dagger.
You die...

..######
........
..#####
.<# ..#
# ..# #.
..#
#.####
...
#.g.#
.## #@#
.# # #.#
.
#.###.#
#.....#
####..#
#..#
#..#
#..#
#..#


You could see a goblin.

Vanquished Creatures
  An adder (D:4)
  An endoplasm (D:3)
  A goblin (D:3)
  A hobgoblin (D:3)
  2 bats (D:3)
  A kobold (D:1)
7 creatures vanquished.

Notes
Turn   | Place    | Note
-------+----------+-------------------------------------------
     0 | D:1      | Esekla the Deep Elf Necromancer began the quest for the
                  | Orb.
     0 | D:1      | Reached XP level 1. HP: 10/10 MP: 6/6
   188 | D:2      | Found Renulab's Jewellery Shop.
   306 | D:4      | Found a radiant altar of Vehumet.
   317 | D:4      | Found an iron altar of Okawaru.
   328 | D:4      | Found a glowing silver altar of Zin.
   408 | D:4      | Became a worshipper of Vehumet
   581 | D:4      | Reached skill level 5 in Necromancy
   581 | D:4      | Reached XP level 2. HP: 15/15 MP: 8/8
   630 | D:4      | Found Ponaysk's Antique Weapon Boutique.
   984 | D:2      | Slain by a goblin

Illustrated notes

Levels and vault maps discovered:
D:1:      sevenhm_arrival_forest_fort_small_3, layout_rooms,
          chequers_serial_rivers_room_b, minmay_misc_feat_five
D:2:      layout_loops_ring, dreamdust_ecumenical_altar_angels_and_demons,
          serial_shops, shop
D:3:      layout_basic, grunt_temple_overflow_open, minmay_misc_feat_iff
D:4:      layout_basic, nicolae_overflow_quartered_altars, serial_shops,
          nicolae_diamond_shop

Skill      XL: |  1 |
---------------+----+-----
Necromancy     | 5 |  5.2
Dodging        | |  2.6
Stealth        | |  2.6
Spellcasting   | |  3.3

Action                     || total
---------------------------++-------
  Melee: Unarmed           ||     9
         Short sword       ||    26
         Punch             ||     1
  Evoke: Wand              ||     2
    Use: Scroll            ||     1
   Stab: Sleeping          ||     3
 Armour: Robe              ||     8
  Dodge: Dodged            ||    19
